 Dungeon Crawl Stone Soup version 0.22-a0-247-gbddf880 (webtiles) character file.

109 nikopol the Firebug (level 4, 0/24 HPs)
             Began as a Deep Elf Fire Elementalist on Feb 24, 2018.
             Slain by Sigmund
             ... wielding a +0 scythe
              (2 damage)
             ... on level 2 of the Dungeon.
             The game lasted 00:09:49 (2696 turns).

nikopol the Firebug (Deep Elf Fire Elementalist)    Turns: 2696, Time: 00:09:50

Health: 0/24       AC:  4    Str:  5    XL:     4   Next: 59%
Magic:  6/12       EV: 13    Int: 21    God:
Gold:   101        SH:  0    Dex: 15    Spells: 2/11 levels left

rFire    . . .     SeeInvis .   (no weapon)
rCold    . . .     Gourm    .   (no shield)
rNeg     . . .     Faith    .   a - +0 robe
rPois    .         Spirit   .   l - +0 helmet
rElec    .         Reflect  .   m - +0 cloak
rCorr    .         Harm     .   (no gloves)
MR       .....                  (no boots)
Stlth    ++........             f - amulet of inaccuracy (curse)
HPRegen  0.08/turn              (no ring)
MPRegen  0.13/turn              (no ring)

@: no status effects
A: no striking features
a: no special abilities


You were on level 2 of the Dungeon.
You were not hungry.

You visited 1 branch of the dungeon, and saw 3 of its levels.

You collected 101 gold pieces.

Inventory:

Armour
 a - a +0 robe (worn)
 l - a +0 helmet (worn)
 m - a +0 cloak (worn)
Jewellery
 f - a cursed amulet of inaccuracy (around neck)
 i - an uncursed amulet of the acrobat {unknown}
Scrolls
 d - a scroll of identify
 e - 2 scrolls of amnesia {unknown}
 j - a scroll of remove curse {unknown}
 k - a scroll of random uselessness {unknown}
Potions
 c - a potion of magic {unknown}
 g - a potion of curing
 h - a potion of might {unknown}
 n - a potion of mutation {unknown}


   Skills:
 + Level 0.3 Fighting
 + Level 3.1 Dodging
 + Level 3.0 Stealth
 + Level 4.1 Spellcasting
 + Level 2.2 Conjurations
 + Level 4.2 Fire Magic


You had 2 spell levels left.
You knew the following spells:

 Your Spells              Type           Power        Failure   Level  Hunger
a - Flame Tongue          Conj/Fire      ###..        3%          1    None
b - Throw Flame           Conj/Fire      ###...       4%          2    #......
c - Conjure Flame         Conj/Fire      ###.....     10%         3    ###....
d - Inner Flame           Hex/Fire       ##......     14%         3    ###....


Dungeon Overview and Level Annotations

Branches:
Dungeon (3/15)

Altars:
Nemelex Xobeh

Annotations:
D:2 Sigmund


Message History

A puff of flame appears from out of thin air!
The puff of flame misses you.
Casting: Flame Tongue (safe; 3% risk of failure)
Confirm with . or Enter, or press ? or * to list all spells.
Aiming: Flame Tongue (safe; 3% risk of failure)
Press: ? - help, Shift-Dir - straight line You hear some strange, mumbled words.
You are confused.
You're too confused to cast spells.
You're too confused!
Something hits you!
You bump into the rock wall.
Something hits you.
A magic dart appears from out of thin air!
The magic dart hits you!
* * * LOW HITPOINT WARNING * * *
Something hits you but does no damage.
You bump into the rock wall.
You feel less confused. Something hits you.
You die...

#..# #.# #.# #.# #.## #..# #.#
#.# #.# #.# #..#### #.# #.# #.#
#.# ......# #.# #.# #.# #.#
#..##.# #.# #.# #.# #.# #..##.#
#.# #.# #.# #.# #..##.######.#
#.# #.# #.#
...........#.####.####.#######.#
##...=........{.@.....#........##
#.#..##.....#########.#######...
#.####....### #.# #.## #.# ##..##
########.# #.# #.# ♣....♣
#........##### #.# #.# ♣...♣♣
#............# #.# #.# ♣♣.♣♣
############.# #.# ##.# ♣.♣♣ #.#
#.# ...# ♣♣.♣ ##.###.##


There were no monsters in sight!

Vanquished Creatures
  Crazy Yiuf (D:2)
  Robin (D:2)
  2 adders (D:2)
  2 leopard geckos
  An orc (D:2)
  6 bats
  12 goblins
  2 hobgoblins
  2 jackals (D:1)
  8 kobolds
  A quokka (D:2)
  A ball python (D:3)
  3 frilled lizards
  7 rats
49 creatures vanquished.

Notes
Turn   | Place    | Note
-------+----------+-------------------------------------------
     0 | D:1      | nikopol the Deep Elf Fire Elementalist began the quest for the Orb.
     0 | D:1      | Reached XP level 1. HP: 10/10 MP: 6/6
   161 | D:1      | Reached XP level 2. HP: 15/15 MP: 2/8
   985 | D:2      | Learned a level 2 spell: Throw Flame
  1019 | D:2      | Reached XP level 3. HP: 7/19 MP: 1/9
  1285 | D:2      | Noticed Robin
  1644 | D:2      | Killed Robin
  1644 | D:2      | Reached XP level 4. HP: 21/24 MP: 4/11
  1875 | D:2      | Noticed Sigmund
  1900 | D:1      | Learned a level 3 spell: Conjure Flame
  1904 | D:1      | Learned a level 3 spell: Inner Flame
  2307 | D:2      | Found a runed door.
  2311 | D:2      | Noticed Crazy Yiuf
  2316 | D:2      | Killed Crazy Yiuf
  2462 | D:2      | Found a sparkling altar of Nemelex Xobeh.
  2586 | D:3      | Noticed a sky beast
  2696 | D:2      | Slain by Sigmund

Vault maps used:
D:1:      minmay_arrival_five_plusses
D:2:      nicolae_overflow_hidden_temple, uniq_robin, uniq_sigmund,
          uniq_crazy_yiuf_cottage
D:3:      lemuel_round_altar

Skill      XL: |  1  2  3  4 |
---------------+-------------+-----
Dodging        | 3 |  3.1
Fire Magic     | 4 |  4.2
Stealth        | 3 |  3.0
Spellcasting   | 4 |  4.1
Conjurations   | 2 |  2.2
Fighting       | |  0.3

Action                   |  1- 3 |  4- 6 || total
-------------------------+-------+-------++-------
 Cast: Flame Tongue      |    83 |    19 ||   102
       Conjure Flame     |       |     4 ||     4
       Throw Flame       |       |     4 ||     4
  Use: Scroll            |     1 |       ||     1
       Potion            |     1 |       ||     1
  Eat: Chunk             |     2 |     1 ||     3
       Ration            |       |     1 ||     1
Armor: Robe              |    10 |       ||    10
Dodge: Dodged            |    47 |     4 ||    51

Table legend:
 A = Spawn XP
 B = Non-spawn XP
 C = Spawn XP percentage of total XP
 D = Spawn monster count
 E = Non-spawn monster count
 F = Spawn count percentage of total count
 G = Total turns spent on level
                    A         B        C        D         E        F      G
               +---------+---------+-------+---------+---------+-------+---------
         Total |       0 |     156 |   0.0 |       0 |      49 |   0.0 |  2696
               +---------+---------+-------+---------+---------+-------+---------
           D:1 |       0 |      30 |   0.0 |       0 |      18 |   0.0 |  1100
           D:2 |       0 |     125 |   0.0 |       0 |      30 |   0.0 |  1550
           D:3 |       0 |       1 |   0.0 |       0 |       1 |   0.0 |    46
               +---------+---------+-------+---------+---------+-------+---------
